Map: Dusty Gorge

Players

tossop

  • Race: Terran Terran
  • League: Master
  • Spawn Location: 5:00

Pinkranger

  • Race: Protoss Protoss
  • Spawn Location: 3:00

OpuS

  • Race: Protoss Protoss
  • League: Platinum
  • Spawn Location: 9:00

Sketchaphone

  • Race: Zerg Zerg
  • League: Platinum
  • Spawn Location: 11:00

VOD

Have the link to the VOD?

Description

Time

  • Played on: Feb. 7, 2019, 9:29 p.m.
  • Length: 9:03
Show
View Real Time Build Order
Export as new Build Order

tossop Terran 

Build Orders: Reaper Expand 

Get SALT Encoding   

  12  0:00  SCV  
  13  0:13  SCV  
  14  0:18  Supply Depot  
  14  0:25  SCV  
  15  0:39  SCV  
  15  0:41  Barracks  
  16  0:45  Refinery  
  16  0:51  SCV  
  17  1:03  SCV  
  18  1:16  SCV  
  19  1:29  Reaper, Orbital Command  
  20  1:45  Command Center  
  20  1:52  Barracks  
  20  1:55  SCV  
  21  2:02  Barracks Reactor  
  21  2:07  Supply Depot  
  21  2:09  SCV  
  22  2:17  Refinery  
  22  2:25  SCV  
  22  2:26  Factory  
  23  2:37  SCV  
  23  2:39  Barracks Tech Lab  
  23  2:40  Marine x2  
  26  2:49  SCV  
  27  2:58  SCV  
  28  2:59  Marine x3  
  28  3:02  Stimpack  
  31  3:10  Orbital Command  
  31  3:14  SCV  
  31  3:18  Marine x2  
  34  3:27  Starport  
  34  3:29  Factory Reactor  
  34  3:31  SCV  
  34  3:33  Marine  
  35  3:37  SCV  
  36  3:41  Marine  
  36  3:43  SCV  
  36  3:45  Marine  
  39  3:49  SCV  
  39  3:52  Supply Depot  
  39  3:53  Marine  
  41  3:55  SCV  
  41  3:59  Supply Depot  
  41  4:01  Marine, SCV  
  44  4:07  SCV  
  44  4:08  Marine  
  46  4:13  Medivac x2, SCV  
  46  4:15  Marine  
  52  4:21  Supply Depot  
  52  4:22  Marine, SCV  
  54  4:27  Marine, SCV  
  56  4:33  Engineering Bay  
  56  4:35  Engineering Bay, SCV  
  57  4:39  Marine  
  57  4:40  Marine  
  57  4:41  SCV  
  60  4:45  Marine  
  60  4:47  SCV  
  61  4:53  SCV  
  61  4:56  Marine  
  61  4:58  Marine  
  59  5:00  SCV  
  59  5:03  Marine  
  59  5:05  SCV  
  59  5:06  Combat Shield  
  59  5:11  Terran Infantry Weapons Level 1, Terran Infantry Armor Level 1  
  59  5:12  Barracks, SCV  
  60  5:14  Marine  
  60  5:16  Marine  
  60  5:19  Factory Tech Lab, Medivac  
  60  5:21  Marine  
  64  5:23  SCV  
  64  5:26  Refinery  
  64  5:27  Refinery  
  64  5:28  Supply Depot  
  66  5:29  Supply Depot  
  66  5:32  Marine  
  66  5:35  SCV  
  68  5:36  Marine  
  68  5:40  SCV  
  70  5:49  Marine, SCV  
  72  5:50  Marine  
  72  5:52  SCV  
  72  5:54  Marine  
  73  6:01  Marine, SCV  
  74  6:04  SCV  
  74  6:05  Siege Tank  
  74  6:06  Starport Reactor  
  74  6:07  Marine x2  
  74  6:08  Marine  
  81  6:12  Marine  
  81  6:13  SCV  
  81  6:16  SCV  
  82  6:19  Marine  
  82  6:23  Armory  
  82  6:24  Marine  
  82  6:25  Marine x2  
  85  6:26  SCV  
  85  6:29  Command Center  
  85  6:30  Marine  
  85  6:32  SCV  
  84  6:34  Supply Depot  
  84  6:36  Marine  
  84  6:38  SCV  
  83  6:42  Marine x2  
  83  6:45  Medivac x2  
  82  6:47  SCV  
  82  6:50  SCV  
  82  6:51  Marine x2  
  85  6:59  SCV  
  85  7:00  Marine x2  
  85  7:01  Siege Tank  
  91  7:02  SCV  
  91  7:06  Marine  
  93  7:09  Marine  
  94  7:24  Marine x2  
  94  7:29  Supply Depot  
  94  7:31  Supply Depot, SCV  
  94  7:34  Marine  
  94  7:35  Marine  
  93  7:37  Medivac  
  93  7:38  Marine  
  93  7:39  Medivac  
  93  7:42  Marine x2  
  91  7:45  SCV  
  91  7:52  Marine  
  91  7:53  Marine  
  91  7:54  Siege Tank  
  91  7:55  SCV  
  97  8:00  Marine x2  
  99  8:05  Marine, SCV  
  99  8:07  Medivac  
  99  8:10  Marine  
  99  8:11  Medivac, Marine  
  107  8:14  SCV  
  107  8:18  Marine  
  109  8:23  Marine x2  
  111  8:28  Marine  
  111  8:29  Marine  
  111  8:34  SCV  
  117  8:36  Marine  
  117  8:40  Marine  
  121  8:41  Marine  
Show
View Real Time Build Order
Export as new Build Order

Pinkranger Protoss 

Build Orders:  

Get SALT Encoding   

  12  0:01  Probe  
  13  0:13  Probe  
  14  0:20  Pylon  
  14  0:26  Probe  
  15  0:39  Gateway  
  15  0:40  Probe  
  16  0:49  Assimilator  
  16  1:03  Assimilator  
  16  1:05  Gateway  
  16  1:31  Pylon  
  16  1:33  Zealot  
  16  1:36  Probe  
  19  1:48  Probe  
  21  2:01  Probe  
  21  2:07  Zealot  
  21  2:08  Zealot  
  25  2:21  Nexus  
  25  2:30  Pylon  
  25  2:34  Pylon  
  25  2:35  Zealot  
  27  2:44  Cybernetics Core  
  27  2:45  Probe  
  28  2:57  Probe  
  29  3:00  Warp Gate  
  29  3:07  Zealot  
  29  3:08  Zealot  
  33  3:27  Twilight Council  
  33  3:29  Probe  
  33  3:32  Probe  
  34  3:40  Probe  
  35  3:41  Probe  
  35  3:45  Charge  
  37  3:50  Probe  
  38  3:59  Gateway  
  38  4:02  Probe  
  39  4:14  Probe  
  40  4:26  Probe, Forge  
  41  4:35  Pylon  
  39  4:38  Probe  
  34  4:50  Probe  
  32  4:54  Zealot  
  32  4:55  Zealot x2  
  36  5:17  Probe  
  37  5:29  Pylon  
  37  5:30  Probe  
  37  5:33  Pylon  
  37  5:34  Zealot x2  
  37  5:35  Zealot  
  44  5:37  Pylon  
  44  5:42  Gateway  
  44  5:43  Gateway  
  36  6:07  Zealot  
  36  6:08  Zealot x2  
  42  6:26  Probe  
  42  6:30  Protoss Ground Armor Level 1  
  42  6:32  Zealot x3  
  49  6:38  Probe  
  50  6:50  Probe  
  49  6:57  Zealot  
  49  6:58  Zealot x3  
  57  7:02  Zealot  
  59  7:15  Gateway  
  59  7:22  Pylon  
  59  7:24  Pylon  
  59  7:33  Zealot x2  
  59  7:34  Zealot x3  
  63  8:14  Zealot x2  
  63  8:15  Zealot x4  
  73  8:22  Gateway  
  73  8:26  Gateway  
  73  8:37  Zealot x2  
  73  8:38  Zealot x3  
  73  8:39  Zealot  
Show
View Real Time Build Order
Export as new Build Order

OpuS Protoss 

Build Orders:  

Get SALT Encoding   

  12  0:01  Probe  
  13  0:13  Probe  
  14  0:20  Pylon  
  14  0:25  Probe  
  15  0:37  Probe  
  15  0:40  Gateway  
  16  0:45  Probe  
  17  0:53  Probe, Assimilator  
  18  1:04  Probe  
  19  1:14  Probe  
  20  1:22  Probe  
  21  1:33  Cybernetics Core  
  21  1:37  Assimilator  
  21  1:39  Pylon  
  21  1:40  Probe  
  22  1:52  Probe  
  23  2:04  Probe  
  24  2:10  Adept  
  24  2:11  Warp Gate  
  25  2:15  Gateway  
  25  2:16  Probe  
  25  2:17  Gateway  
  26  2:26  Forge  
  26  2:33  Pylon  
  26  2:39  Adept  
  26  2:46  Shield Battery  
  28  2:59  Photon Cannon  
  28  3:04  Shield Battery  
  28  3:07  Photon Cannon  
  28  3:15  Adept x2  
  32  3:21  Adept  
  34  3:44  Stargate  
  34  4:02  Adept x2  
  38  4:11  Pylon  
  38  4:13  Pylon  
  38  4:15  Pylon  
  38  4:32  Nexus  
  28  5:09  Oracle  
  27  5:17  Probe  
  27  5:21  Stalker x3  
  34  5:29  Probe  
  35  5:46  Stalker x3  
  35  6:07  Probe  
  35  6:08  Probe  
  35  6:09  Stalker x2  
  35  6:10  Stalker  
  43  6:20  Probe  
  40  6:49  Probe  
  40  6:50  Probe  
  40  6:53  Oracle  
  40  6:54  Stalker x3  
  38  6:59  Fleet Beacon  
  24  7:18  Stalker x2  
  24  7:19  Stalker  
  15  7:45  Probe x2  
  15  7:57  Probe x2  
  14  8:09  Probe x2  
  2  8:21  Probe  
Show
View Real Time Build Order
Export as new Build Order

Sketchaphone Zerg 

Build Orders: Hatch First 

Get SALT Encoding   

  12  0:01  Drone  
  13  0:12  Overlord  
  13  0:18  Drone  
  14  0:31  Drone x2  
  14  0:34  Drone  
  17  0:45  Drone  
  17  0:48  Extractor  
  17  1:03  Hatchery  
  16  1:19  Spawning Pool  
  16  1:22  Drone  
  16  1:32  Drone x2  
  19  1:40  Drone  
  19  1:44  Drone  
  20  1:56  Overlord  
  20  2:09  Metabolic Boost  
  20  2:12  Zergling x2  
  21  2:26  Queen  
  21  2:27  Queen  
  24  2:31  Spine Crawler  
  23  2:38  Evolution Chamber  
  23  2:43  Drone  
  23  2:44  Drone x2  
  24  2:49  Zergling x2  
  25  3:09  Zergling x12  
  32  3:20  Drone x2  
  33  3:42  Overlord  
  33  3:43  Drone x2  
  35  3:50  Overlord  
  35  3:58  Hatchery, Zerg Ground Armor Level 1  
  34  4:05  Overlord  
  34  4:12  Zergling x6  
  37  4:23  Zergling x10  
  42  4:30  Zergling x4  
  40  4:56  Zergling x10  
  42  5:06  Drone  
  40  5:12  Queen  
  42  5:20  Lair  
  42  5:22  Overlord, Drone x4  
  42  5:23  Overlord  
  46  5:37  Overlord  
  46  5:38  Drone x2  
  44  5:51  Overlord  
  37  6:08  Drone x6  
  37  6:10  Zergling x10  
  45  6:23  Zergling x8  
  44  6:30  Zerg Melee Weapons Level 1  
  43  6:33  Extractor  
  43  6:36  Drone x3  
  43  6:37  Evolution Chamber  
  44  6:40  Overlord  
  36  7:01  Zergling x10  
  41  7:10  Hatchery  
  41  7:11  Zergling x8  
  43  7:23  Overlord  
  43  7:25  Zergling x2  
  44  7:35  Drone  
  44  7:36  Baneling Nest  
  43  7:39  Spore Crawler  
  40  7:49  Spore Crawler  
  40  7:50  Zergling x16  
  45  7:56  Zergling x2  
  46  8:04  Hydralisk Den  
  45  8:10  Zergling x4, Roach Warren  
  45  8:11  Zergling x2  
  42  8:20  Baneling x15  
  42  8:23  Zergling x2  
  42  8:25  Zergling x2  
  44  8:27  Zergling x2  
  36  8:34  Zergling x2  
  36  8:35  Zergling x2  
  36  8:39  Zergling x2  
Tags
 
Add a new tag
Caveats
  • Supply blocks, unpowered buildings, or Contaminate may cause inaccurate times.
  • Supply counts are checked every 10 seconds.